 Dungeon Crawl Stone Soup version 0.28-a0-872-g80cf8599ee (webtiles) character file.

Game seed: 16368252474703233815

23026 pokeman the Eclecticist (level 12, -2/68 HPs)
             Began as a Deep Elf Hedge Wizard on Nov 21, 2021.
             Was a Believer of Vehumet.
             Slain by a skeletal warrior (12 damage)
             ... led by a skeletal warrior
             ... on level 12 of the Dungeon.
             The game lasted 00:54:40 (20226 turns).

pokeman the Eclecticist (Deep Elf Hedge Wizard)    Turns: 20226, Time: 00:54:42

Health: -2/68      AC: 18    Str:  7    XL:     12   Next: 68%
Magic:  5/44       EV: 10    Int: 31    God:    Vehumet [**....]
Gold:   833        SH:  0    Dex: 14    Spells: 28/46 levels left

rFire   + . .      SeeInvis .   Q - +7 pair of quick blades "Gyre" and "Gimble" {protect}
rCold   + . .      Faith    .   (shield currently unavailable)
rNeg    . . .      Spirit   .   B - +1 ring mail "Xaine" {Int+6}
rPois   .          Reflect  .   u - +0 helmet
rElec   .          Harm     .   M - scarf {rC+ rF+}
rCorr   .          Rampage  .   O - +0 pair of gloves
Will    +....                   H - +0 pair of boots
Stlth   ++........              (no amulet)
HPRegen 0.21/turn               e - ring of magical power
MPRegen 0.29/turn               S - +4 ring of slaying

@: under a protective aura
A: no striking features
a: Renounce Religion


You were on level 12 of the Dungeon.
You worshipped Vehumet.
Vehumet was pleased with you.
You visited 2 branches of the dungeon, and saw 13 of its levels.
You also visited: Sewer.

You collected 833 gold pieces.

Inventory:

Hand Weapons
 v - a +0 hand crossbow
 I - the +10 trident of Ziavvug {elec, rF+ rN+ rCorr Int-4}
   (You found it on level 7 of the Dungeon)

   It occasionally discharges a powerful burst of electricity upon striking a
   foe.
   Int:       It affects your intelligence (-4).
   rF:        It protects you from fire.
   rN:        It protects you from negative energy.
   rCorr:     It protects you from acid and corrosion.
 Q - the +7 pair of quick blades "Gyre" and "Gimble" (weapon) {protect}
   (You found it on level 10 of the Dungeon)

   It grants its wielder temporary protection when it strikes (+7 to AC).
 R - a +2 shortbow of flaming
Missiles
 d - 217 arrows
 k - 193 bolts
 J - 5 throwing nets
Armour
 u - a +0 helmet (worn)
 B - the +1 ring mail "Xaine" (worn) {Int+6}
   (You found it on level 5 of the Dungeon)

   Int:       It affects your intelligence (+6).
 H - a +0 pair of boots (worn)
 L - a +0 leather armour of willpower
 M - a scarf of resistance (worn)
 O - a +0 pair of gloves (worn)
 V - a +0 troll leather armour
Jewellery
 e - a ring of magical power (left hand)
 i - a +6 ring of intelligence
 q - a +6 ring of strength
 E - a +6 ring of dexterity
 S - a +4 ring of slaying (right hand)
 T - a ring of protection from cold
Wands
 p - a wand of polymorph (49)
 C - a wand of iceblast (11)
 N - a wand of paralysis (8)
Scrolls
 f - a scroll of noise {unknown}
 g - 16 scrolls of identify {unknown}
 h - a scroll of blinking {unknown}
 j - 2 scrolls of enchant weapon {unknown}
 n - 14 scrolls of teleportation {unknown}
 r - 2 scrolls of vulnerability {unknown}
 y - a scroll of brand weapon {unknown}
 z - a scroll of immolation {unknown}
 A - 2 scrolls of fear {unknown}
 D - a scroll of torment {unknown}
 G - 2 scrolls of fog {unknown}
 K - 2 scrolls of silence {unknown}
 U - a scroll of summoning {unknown}
Potions
 a - 8 potions of curing {unknown}
 b - 4 potions of heal wounds {unknown}
 c - a potion of flight {unknown}
 l - a potion of mutation
 m - 3 potions of lignification {unknown}
 o - 3 potions of degeneration {unknown}
 s - 5 potions of ambrosia {unknown}
 t - 2 potions of magic {unknown}
 w - 2 potions of cancellation {unknown}
 x - 3 potions of might {unknown}
 F - a potion of attraction {unknown}
Miscellaneous
 P - a piece from Xom's chessboard (15/15)


   Skills:
 + Level 4.9 Fighting
 - Level 6.0 Armour
 - Level 3.1 Dodging
 - Level 3.2 Stealth
 * Level 17.7 Spellcasting
 + Level 10.6 Conjurations
 - Level 1.1 Summonings
 - Level 1.1 Translocations
 - Level 1.1 Transmutations
 + Level 10.2 Fire Magic
 - Level 1.1 Ice Magic
 - Level 1.0 Air Magic
 - Level 1.0 Poison Magic
 - Level 1.2 Evocations


You had 28 spell levels left.
You knew the following spells:

 Your Spells              Type           Power      Damage    Failure   Level
a - Magic Dart            Conj           100%       1d8       1%          1
b - Mephitic Cloud        Conj/Pois/Air  52%        N/A       2%          3
c - Call Imp              Summ           34%        N/A       4%          2
d - Blink                 Tloc           68%        N/A       4%          2
e - Conjure Flame         Conj/Fire      75%        6-21      1%          3
f - Wereblood             Tmut           34%        N/A       4%          2
g - Freezing Cloud        Conj/Ice/Air   26%        6-21      22%         5

Your spell library contained the following spells:

 Spells                   Type           Power      Damage    Failure   Level
 Scorch                   Fire           100%       2d10      1%          2
 Inner Flame              Hex/Fire       56%        N/A       1%          3
 Beastly Appendage        Tmut           68%        N/A       2%          1
 Slow                     Hex            100%       N/A       4%          1
 Gell's Gravitas          Tloc           34%        N/A       9%          3
 Lesser Beckoning         Tloc           34%        N/A       9%          3
 Spider Form              Tmut/Pois      34%        N/A       9%          3
 Teleport Other           Tloc           34%        N/A       9%          3
 Confusing Touch          Hex            27%        N/A       13%         3
 Vampiric Draining        Necr           27%        2d7       13%         3
 Cause Fear               Hex            13%        N/A       41%         4
 Simulacrum               Ice/Necr       15%        N/A       99%         6
 Discord                  Hex            13%        N/A       100%        8
 Polar Vortex             Ice            17%        N/A       100%        9


Dungeon Overview and Level Annotations

Branches:
Dungeon (12/15)            Temple (1/1) D:4            Lair (0/6) D:8
    Orc (0/2) D:9           Sewer (visited)

Altars:
Ashenzari
Cheibriados
Dithmenos
Elyvilon
Fedhas
Gozag
Hepliaklqana
Kikubaaqudgha
Makhleb
Nemelex Xobeh
Okawaru
Qazlal
Ru
Sif Muna
Trog
Uskayaw
Vehumet
Wu Jian
Xom
Yredelemnul
Zin
The Shining One
Beogh

Portals:
Abyss: D:6

Annotations:
D:6 2 transporters, LillianThurb's ghost, amateur MiFi
D:11 3 runed translucent doors


Message History

The skeletal warrior is severely damaged.
Casting: Magic Dart (safe; 1% risk of failure)
Confirm with . or Enter, or press ? or * to list all spells.
Aiming: Magic Dart (safe; 1% risk of failure)
Press: ? - help, Shift-Dir - straight line, f/p - skeletal warrior
Aim: a skeletal warrior, wielding a +0 flail and wearing a +0 robe (severely damaged, 100% to hit)
The magic dart hits the skeletal warrior but does no damage.
The skeletal warrior is severely damaged.
Casting: Magic Dart (safe; 1% risk of failure)
Confirm with . or Enter, or press ? or * to list all spells.
Aiming: Magic Dart (safe; 1% risk of failure)
Press: ? - help, Shift-Dir - straight line, f/p - skeletal warrior
Aim: a skeletal warrior, wielding a +0 flail and wearing a +0 robe (severely damaged, 100% to hit)
The magic dart hits the skeletal warrior.
The skeletal warrior is severely damaged.
Casting: Magic Dart (safe; 1% risk of failure)
Confirm with . or Enter, or press ? or * to list all spells.
Aiming: Magic Dart (safe; 1% risk of failure)
Press: ? - help, Shift-Dir - straight line, f/p - skeletal warrior
Aim: a skeletal warrior, wielding a +0 flail and wearing a +0 robe (severely damaged, 100% to hit)
The magic dart hits the skeletal warrior but does no damage.
The skeletal warrior is severely damaged.
Casting: Magic Dart (safe; 1% risk of failure)
Confirm with . or Enter, or press ? or * to list all spells.
Aiming: Magic Dart (safe; 1% risk of failure)
Press: ? - help, Shift-Dir - straight line, f/p - skeletal warrior
Aim: a skeletal warrior, wielding a +0 flail and wearing a +0 robe (severely damaged, 100% to hit)
The magic dart hits the skeletal warrior but does no damage.
The skeletal warrior is severely damaged.
The skeletal warrior hits you with a +0 flail!
You hit the skeletal warrior but do no damage.
Your weapon exudes an aura of protection.
You hit the skeletal warrior.
The skeletal warrior hits you with a +0 flail!
You hit the skeletal warrior. You barely miss the skeletal warrior.
You hit the skeletal warrior. You barely miss the skeletal warrior.
The skeletal warrior hits you with a +0 flail!
* * * LOW HITPOINT WARNING * * *
The skeletal warrior hits you with a +0 flail!
You die...

#....# #........#
##....# #........#
##....######......5.#
.#.........#......).#
......####.z........#
##....# ###...z..).#
#[...# #....z...#
#....# #######)##
##.### #.@(.# #.###
#####z##### #...#
#...(.....# ####'##
#.........# #.....#
#.........# #.....#
#.........# ##.....#
#.........#
.'.....####.........#
##.....').#.........#


You could see a skeletal warrior.

Vanquished Creatures
  A boulder beetle (D:12)
  2 hydras
  Erolcha (D:12)
  Harold (D:7)
  A centaur warrior (D:8)
  2 two-headed ogres (D:10)
  3 skeletal warriors
  A deep elf pyromancer (D:12)
  Maurice (D:12)
  2 gargoyles
  An unseen horror (D:9)
  3 kobold demonologists (D:12)
  4 trolls
  2 hornets (D:8)
  A meliai zombie (D:11)
  10 slime creatures
  A spriggan (D:10)
  3 shadows
  2 wraiths
  28 yaks
  A vampire mosquito (D:12)
  The ghost of demibob the Twirler, an amateur DsGl (D:4)
  Edmund (D:4)
  Menkaure (D:7)
  An acid dragon (D:11)
  A water moccasin (D:7)
  5 orc warriors
  A hornet zombie (D:8)
  A sky beast (D:4)
  2 ice beasts (D:6)
  2 black bears
  2 necrophages (D:6)
  4 centaurs
  An ogre (D:5)
  3 phantoms
  6 kobold brigands
  A gnoll sergeant (D:11)
  4 scorpions
  2 troll zombies (D:9)
  5 wights
  4 vampire bats (D:3)
  An electric eel (D:7)
  A bullfrog zombie (D:7)
  3 centaur zombies
  2 hounds
  A jelly (D:4)
  3 gnoll shamans
  2 centaur skeletons
  6 orc priests
  An iguana (D:5)
  13 orc wizards
  4 ogre zombies (D:9)
  A hound skeleton (D:4)
  2 howler monkey zombies
  A howler monkey skeleton (D:5)
  22 gnolls
  8 adders
  3 river rats (Sewer)
  2 shadow imps (D:5)
  3 white imps
  An ufetubus (D:5)
  6 dart slugs
  8 worms
  48 orcs
  5 endoplasms
  4 giant cockroaches
  3 goblins
  3 hobgoblins
  3 jackals (D:5)
  8 quokkas
  8 ball pythons
  11 bats
  2 frilled lizards (D:3)
  4 goblin skeletons (D:9)
  3 goblin zombies (D:9)
  A hobgoblin zombie (D:9)
  16 kobolds
  2 orc skeletons (D:9)
  9 orc zombies (D:9)
  5 rats
348 creatures vanquished.

Vanquished Creatures (collateral kills)
  A slime creature (D:11)
  A vampire mosquito (D:12)
  A wight (D:7)
  2 orcs
5 creatures vanquished.

Vanquished Creatures (others)
  2 fungi (D:8)
  A plant (D:8)
3 creatures vanquished.

Grand Total: 356 creatures vanquished

Notes
Turn   | Place    | Note
-------+----------+-------------------------------------------
     0 | D:1      | pokeman the Deep Elf Hedge Wizard began the quest for the
                  | Orb.
     0 | D:1      | Reached XP level 1. HP: 10/10 MP: 7/7
   594 | D:1      | Found a faded altar of an unknown god.
   978 | D:1      | Reached XP level 2. HP: 16/16 MP: 9/9
  1159 | D:2      | Reached skill level 5 in Spellcasting
  1507 | D:2      | Reached XP level 3. HP: 20/20 MP: 11/11
  1511 | D:2      | Learned a level 3 spell: Mephitic Cloud
  1514 | D:2      | Learned a level 2 spell: Call Imp
  1536 | D:2      | Learned a level 2 spell: Blink
  1540 | D:2      | Learned a level 3 spell: Conjure Flame
  1800 | D:2      | Reached skill level 1 in Armour
  2160 | D:2      | Reached skill level 1 in Fighting
  2806 | D:3      | Reached XP level 4. HP: 25/25 MP: 13/13
  2900 | D:3      | Reached skill level 6 in Spellcasting
  2900 | D:3      | Reached skill level 1 in Fire Magic
  2900 | D:3      | Reached XP level 5. HP: 28/29 MP: 15/15
  3188 | D:3      | Reached skill level 1 in Air Magic
  3504 | D:3      | Reached XP level 6. HP: 34/34 MP: 14/17
  3712 | D:3      | Reached skill level 1 in Poison Magic
  3842 | D:3      | Reached skill level 7 in Spellcasting
  4144 | D:3      | Found a burning altar of Makhleb.
  4307 | D:4      | Noticed Edmund
  4387 | D:4      | Found a large runed translucent door.
  4387 | D:4      | Found a large runed translucent door.
  4387 | D:4      | Noticed demibob's ghost (amateur DsGl)
  4511 | D:4      | Killed Edmund
  4671 | D:4      | Found a bloodstained altar of Trog.
  4675 | D:4      | Reached XP level 7. HP: 37/38 MP: 20/20
  4756 | D:4      | Reached skill level 8 in Spellcasting
  4873 | D:4      | Found a stormy altar of Qazlal.
  4942 | D:4      | Found a staircase to the Ecumenical Temple.
  4955 | Temple   | Entered the Ecumenical Temple
  5782 | D:4      | Killed demibob's ghost
  5783 | D:4      | Reached skill level 1 in Evocations
  5920 | D:5      | Entered Level 5 of the Dungeon
  6074 | D:5      | Reached XP level 8. HP: 34/44 MP: 22/22
  6087 | D:5      | Reached skill level 9 in Spellcasting
  6112 | D:5      | Found a glowing drain.
  6217 | Sewer    | Entered a sewer
  6801 | D:5      | Reached skill level 5 in Conjurations
  6953 | D:5      | Noticed a +0 hand axe
  6953 | D:5      | Noticed a +0 hand axe
  6954 | D:5      | Found a hide-covered altar of Uskayaw.
  7177 | D:5      | Identified the +1 ring mail "Xaine" {Int+6}
  7411 | D:5      | Reached skill level 10 in Spellcasting
  7808 | D:6      | Found a white marble altar of Elyvilon.
  7970 | D:6      | Found a transporter.
  7974 | D:6      | Noticed a wizard
  7978 | D:6      | Found a transporter.
  8043 | D:6      | Found a one-way gate to the infinite horrors of the Abyss.
  8043 | D:6      | Noticed LillianThurb's ghost (amateur MiFi)
  8377 | D:6      | Reached XP level 9. HP: 44/48 MP: 25/25
  8941 | D:6      | Noticed a white ugly thing
  9096 | D:6      | Reached skill level 5 in Fire Magic
  9358 | D:7      | Reached skill level 11 in Spellcasting
  9673 | D:7      | Noticed Menkaure
  9682 | D:7      | Killed Menkaure
 10138 | D:7      | Reached skill level 12 in Spellcasting
 10515 | D:7      | Identified the +10 trident of Ziavvug {elec, rF+ rN+ rCorr
                  | Int-4}
 10544 | D:7      | Noticed Harold
 10555 | D:7      | Killed Harold
 10556 | D:7      | Reached XP level 10. HP: 38/56 MP: 28/28
 11236 | D:8      | Noticed a centaur warrior
 11260 | D:8      | Killed a centaur warrior
 11261 | D:8      | Reached skill level 13 in Spellcasting
 11530 | D:8      | Paralysed by a hornet for 2 turns
 11944 | D:8      | Found a shimmering altar of Xom.
 11945 | D:8      | Found a shimmering altar of Xom.
 11954 | D:8      | Found a shimmering altar of Xom.
 11954 | D:8      | Found a shimmering altar of Xom.
 11957 | D:8      | Found a shimmering altar of Xom.
 12435 | D:8      | Found a staircase to the Lair.
 12851 | D:9      | Found a staircase to the Orcish Mines.
 12901 | D:9      | Reached skill level 14 in Spellcasting
 13251 | D:9      | Found a shimmering blue altar of Sif Muna.
 13266 | D:9      | Found a radiant altar of Vehumet.
 13281 | D:9      | Became a worshipper of Vehumet
 13296 | D:9      | Found an ancient bone altar of Kikubaaqudgha.
 13661 | D:9      | Reached XP level 11. HP: 48/61 MP: 31/31
 14275 | D:10     | Entered Level 10 of the Dungeon
 14281 | D:10     | Reached * piety under Vehumet
 14281 | D:10     | Offered knowledge of Sandblast by Vehumet.
 14587 | D:10     | Noticed a two-headed ogre
 14587 | D:10     | Noticed a two-headed ogre
 14598 | D:10     | Killed a two-headed ogre
 14599 | D:10     | Reached skill level 15 in Spellcasting
 14610 | D:10     | Killed a two-headed ogre
 14697 | D:10     | Found the +7 pair of quick blades "Gyre" and "Gimble"
                  | {protect}
 14770 | D:10     | Found an opulent altar of Gozag.
 14863 | D:10     | Reached skill level 5 in Armour
 15351 | D:11     | Found a glowing silver altar of Zin.
 15841 | D:11     | Noticed a six-headed hydra
 15856 | D:11     | Killed a six-headed hydra
 16482 | D:11     | Found a runed translucent gate.
 16482 | D:11     | Found a runed translucent gate.
 16482 | D:11     | Found a runed translucent gate.
 16483 | D:11     | Noticed a cyan ugly thing
 16483 | D:11     | Noticed a white ugly thing
 16483 | D:11     | Noticed a white ugly thing
 16484 | D:11     | Noticed a white ugly thing
 16484 | D:11     | Noticed a glowing orange brain
 16528 | D:11     | Reached skill level 16 in Spellcasting
 17228 | D:12     | Noticed Erolcha
 17229 | D:12     | Noticed Maurice
 17241 | D:12     | Killed Erolcha
 17246 | D:12     | Killed Maurice
 17247 | D:12     | Reached XP level 12. HP: 66/66 MP: 34/34
 17313 | D:12     | Offered knowledge of Scorch by Vehumet.
 17335 | D:12     | Reached ** piety under Vehumet
 17976 | D:11     | Reached skill level 10 in Conjurations
 18530 | D:12     | Reached skill level 17 in Spellcasting
 19162 | D:12     | Reached skill level 10 in Fire Magic
 19498 | D:12     | Learned a level 2 spell: Wereblood
 19508 | D:12     | Learned a level 5 spell: Freezing Cloud
 19544 | D:12     | Noticed a boulder beetle
 19817 | D:12     | Killed a boulder beetle
 19922 | D:12     | Noticed a five-headed hydra
 19936 | D:12     | Killed a five-headed hydra
 19937 | D:12     | Reached skill level 1 in Transmutations
 19937 | D:12     | Reached skill level 1 in Ice Magic
 20226 | D:12     | Slain by a skeletal warrior

Illustrated notes

Levels and vault maps discovered:
D:1:      dpeg_arrival_erosion, layout_basic, basic_ecumenical_altar,
          minmay_misc_feat_plants
D:2:      wander_river, layout_basic
D:3:      layout_basic, mainiacjoe_overflow_alcove_1, st_stairs_8,
          roderic_batcave
D:4:      layout_rooms, bloody_trog, nicolae_qazlal_general_emergency,
          temple_fountains, ebering_ghost_disaster_area, serial_glass,
          glass_columns_a, glass_columns_b, glass_columns_b, glass_columns_a,
          kennysheep_nondescript, uniq_edmund
D:5:      layout_basic, dancing_weapons_uskayaw, serial_corexii_hall,
          chequers_hall_statues_wall_a, chequers_hall_statues_corner_a,
          gup_sewer_entry_pipe
D:6:      minmay_inner_zag, layout_basic, lemuel_crystal_altar,
          gammafunk_ghost_abyssal_escape
D:7:      layout_loops_ring, chequers_serial_rivers_micro_a,
          grunt_decor_clamped, fountainhead, chequers_serial_rivers_micro_e,
          minmay_strange_pillars, nrook_loot_triangle, uniq_harold,
          uniq_menkaure
D:8:      layout_cave_pools, xom_redecorated, dpeg_oklobed_lair, special_room
          [special_room_orc], palyth_stone_intersect
D:9:      layout_long_grid, palyth_temple_overflow_mages, zombieorc1_lemuel
D:10:     layout_grid_maze, nicolae_gozag_seed_capital,
          chequers_serial_rivers_small_b,
          hellmonk_guarded_unrand_gyre_and_gimble
D:11:     layout_basic, ploomutoo_gammafunk_ghost_potion_laboratory, zin_academy
D:12:     layout_roguey, amcnicky_mini_pool_small, uniq_erolcha, uniq_maurice
Temple:   minmay_temple_forest_path

Skill      XL: |  1  2  3  4  5  6  7  8  9 10 11 12 |
---------------+-------------------------------------+-----
Spellcasting   | 5 6 7 8 10 12 14 16 17 | 17.7
Armour         | 1 3 4 5 6 |  6.0
Fighting       | 1 2 3 4 |  4.9
Conjurations   | 2 3 4 5 7 8 9 10 | 10.6
Dodging        | 3 |  3.1
Fire Magic     | 1 2 3 4 6 7 9 10 | 10.2
Air Magic      | 1 |  1.0
Stealth        | 3 |  3.2
Poison Magic   | 1 |  1.0
Evocations     | 1 |  1.2
Transmutations | 1 |  1.1
Ice Magic      | 1 |  1.1
Summonings     | |  1.1
Translocations | |  1.1

Action                   |  1- 3 |  4- 6 |  7- 9 | 10-12 || total
-------------------------+-------+-------+-------+-------++-------
Melee: Dagger            |     3 |    22 |       |       ||    25
       Flail             |       |     1 |    51 |       ||    52
       Trident           |       |       |     6 |   135 ||   141
       Pair of quick bla |       |       |       |   183 ||   183
 Cast: Magic Dart        |    91 |   127 |   276 |   348 ||   842
       Call Imp          |     2 |       |     4 |     9 ||    15
       Mephitic Cloud    |     1 |     7 |    16 |    55 ||    79
       Conjure Flame     |     1 |     3 |    23 |   114 ||   141
       Blink             |       |       |     1 |    17 ||    18
Evoke: Wand              |       |       |       |     1 ||     1
 Stab: Confused          |       |     3 |     7 |    30 ||    40
       Sleeping          |       |       |     1 |     1 ||     2
Armor: Leather armour    |     4 |     9 |    18 |     6 ||    37
       Ring mail         |       |       |       |    81 ||    81
Dodge: Dodged            |    13 |    48 |    51 |   102 ||   214

Table legend: (Time is in decaauts)
 A = Elapsed time spent in this place.
 B = Non-inter-level travel time spent in this place.
 C = Inter-level travel time spent in this place.
 D = Time resting spent in this place.
 E = Time spent auto-exploring this place.
 F = Levels seen in this place.
 G = Mean time per level.
                   A        B        C        D        E       F      G
               +--------+--------+--------+--------+--------+-----+--------+
         Total |  20365 |  19638 |    727 |   1633 |  14607 |  14 | 1454.6 |
       Dungeon |  19284 |  18561 |    723 |   1629 |  13705 |  12 | 1607.0 |
        Temple |    431 |    427 |      4 |      0 |    415 |   1 |  431.0 |
         Sewer |    648 |    648 |      0 |      4 |    487 |   1 |  648.0 |
               +--------+--------+--------+--------+--------+-----+--------+

Top non-repeatable levels by time:
    D:11: 2591 daAuts
    D:12: 2259 daAuts
     D:3: 1947 daAuts
     D:8: 1909 daAuts
     D:7: 1588 daAuts
     D:9: 1586 daAuts
     D:6: 1488 daAuts
     D:2: 1354 daAuts
     D:5: 1312 daAuts
     D:4: 1152 daAuts
     D:1: 1067 daAuts
    D:10: 1027 daAuts
   Sewer: 648 daAuts
  Temple: 431 daAuts
